 Dungeon Crawl Stone Soup version 0.22.0-40-g68aacdc (webtiles) character file.

571 shmeve the Skirmisher (level 7, 35/61 HPs)
             Began as a Red Draconian Berserker on Sept 1, 2018.
             Was a Priest of Trog.
             Quit the game on level 4 of the Dungeon.
             The game lasted 00:08:17 (3702 turns).

shmeve the Skirmisher (Red Draconian Berserker)     Turns: 3702, Time: 00:08:17

Health: 35/61      AC:  7    Str: 21    XL:     7   Next: 12%
Magic:  7/7        EV: 13    Int:  8    God:    Trog [***...]
Gold:   184        SH:  0    Dex: 10    Spells: 6/6 levels left

rFire    + . .     SeeInvis .   k - +1 hand axe (venom)
rCold    . . .     Gourm    .   (no shield)
rNeg     . . .     Faith    .   (armour unavailable)
rPois    .         Spirit   .   (helmet restricted)
rElec    .         Reflect  .   o - +0 cloak
rCorr    .         Harm     .   (no gloves)
MR       .....                  (no boots)
Stlth    ++........             (no amulet)
HPRegen  0.20/turn              c - ring of flight
MPRegen  0.10/turn              (no ring)

@: mildly poisoned (35 -> 34), short of breath
A: breathe fire, unfitting armour, fire resistance 1, cold-blooded, AC +6
a: Breathe Fire, Berserk, Trog's Hand, Renounce Religion, Evoke Flight


You were on level 4 of the Dungeon.
You worshipped Trog.
Trog was most pleased with you.
You were not hungry.

You visited 1 branch of the dungeon, and saw 4 of its levels.

You collected 184 gold pieces.

Inventory:

Hand Weapons
 k - a +1 hand axe of venom (weapon)
Armour
 o - a +0 cloak (worn)
Jewellery
 c - a ring of flight (left hand)
Scrolls
 d - a scroll of remove curse
 e - a scroll of magic mapping {unknown}
 i - a scroll of teleportation {unknown}
 j - a scroll of blinking {unknown}
 m - 4 scrolls of identify {unknown}
 n - 3 scrolls of amnesia {unknown}
Potions
 a - 2 potions of heal wounds {unknown}
 f - a potion of might {unknown}
 g - 3 potions of haste {unknown}
 h - 3 potions of agility {unknown}
 l - 2 potions of resistance {unknown}
 q - a potion of brilliance {unknown}
 r - a potion of ambrosia {unknown}
 s - a potion of curing {unknown}
Comestibles
 b - 5 rations
 p - 5 chunks of flesh


   Skills:
 * Level 5.4 Fighting
 * Level 5.0 Axes
 * Level 4.5 Dodging
 + Level 2.6 Stealth


You had 6 spell levels left.
You didn't know any spells.
Your spell library was empty.

Dungeon Overview and Level Annotations

Branches:
Dungeon (4/15)             Temple (0/1) D:4

Altars:
Fedhas
Kikubaaqudgha
Makhleb
Ru
Sif Muna

Annotations:
D:2 exclusion: oklob plant


Innate Abilities, Weirdness & Mutations

You can breathe blasts of fire.
Your fiery red scales are hard. (AC +6)
You cannot fit into any form of body armour.
Your flesh is heat resistant. (rF+)
You are cold-blooded and may be slowed by cold attacks.


Message History

You feel sick. The howler monkey barely misses you.
The howler monkey misses you.
You closely miss the howler monkey.
The howler monkey is moderately wounded.
The howler monkey barely misses you.
You hit the howler monkey.
The howler monkey looks as sick as possible!
Your tail-slap misses the howler monkey.
The howler monkey is severely wounded.
You feel sick.
The howler monkey hoots and howls with incredible vigour!
You barely miss the howler monkey.
The howler monkey is almost dead.
The howler monkey hits you.
You hit the howler monkey.
You kill the howler monkey!
Trog accepts your kill.
You feel sick.
You see here a howler monkey corpse.
Are you sure you want to abandon this character and quit the game? (Confirm with "yes".)

##### #...# #.@.# ##
########...## ..
.?..........# ..
######.#....##########
#.. #.#.....##......#
... #.#...#.##......#
##. #.#...#.##......#
... #.#...#.##......#
###
#.#####..#......#####


There were no monsters in sight!

Vanquished Creatures
  An ogre (D:4)
  A scorpion (D:4)
  A howler monkey (D:4)
  Crazy Yiuf (D:3)
  A hound (D:2)
  An iguana (D:4)
  2 orc wizards
  4 worker ants (D:4)
  Terence (D:2)
  A hound skeleton (D:4)
  Robin (D:3)
  5 adders
  An ooze (D:1)
  A worm (D:3)
  2 dart slugs (D:1)
  11 orcs
  4 giant cockroaches
  12 goblins
  7 hobgoblins
  A quokka (D:3)
  2 ball pythons (D:4)
  7 bats
  4 frilled lizards
  2 kobolds
  A leopard gecko skeleton (D:4)
  6 rats
  A plant (D:4)
82 creatures vanquished.

Notes
Turn   | Place    | Note
-------+----------+-------------------------------------------
     0 | D:1      | shmeve the Draconian Berserker began the quest for the Orb.
     0 | D:1      | Reached XP level 1. HP: 19/19 MP: 1/1
   149 | D:1      | Reached XP level 2. HP: 24/26 MP: 2/2
   822 | D:2      | Reached XP level 3. HP: 33/33 MP: 3/3
   980 | D:2      | Found a burning altar of Makhleb.
   997 | D:2      | Reached skill level 1 in Stealth
  1271 | D:2      | Reached XP level 4. HP: 29/40 MP: 4/4
  1553 | D:2      | Noticed Terence
  1557 | D:2      | Killed Terence
  1845 | D:2      | Found a blossoming altar of Fedhas.
  1875 | D:2      | Noticed an oklob plant
  1924 | D:3      | Reached ** piety under Trog
  1926 | D:3      | Noticed Robin
  1937 | D:3      | Killed Robin
  1942 | D:3      | Reached XP level 5. HP: 23/46 MP: 5/5
  2187 | D:3      | Found a sacrificial altar of Ru.
  2997 | D:3      | Found an ancient bone altar of Kikubaaqudgha.
  2998 | D:3      | Found a deep blue altar of Sif Muna.
  3047 | D:3      | Found a runed door.
  3051 | D:3      | Noticed Crazy Yiuf
  3056 | D:3      | Killed Crazy Yiuf
  3215 | D:4      | Noticed an ogre
  3226 | D:4      | Killed an ogre
  3226 | D:4      | Reached XP level 6. HP: 47/55 MP: 6/6
  3245 | D:4      | Reached skill level 5 in Fighting
  3310 | D:4      | Reached *** piety under Trog
  3638 | D:4      | Found a staircase to the Ecumenical Temple.
  3690 | D:4      | Reached skill level 5 in Axes
  3690 | D:4      | Your scales start taking on a fiery red colour.
  3690 | D:4      | Reached XP level 7. HP: 46/61 MP: 7/7
  3690 | D:4      | Gained mutation: Your flesh is heat resistant. (rF+) [Red Draconian growth]
  3702 | D:4      | Quit the game

Skill      XL: |  1  2  3  4  5  6 |
---------------+-------------------+-----
Dodging        | 3 4 |  4.5
Stealth        | 1 2 |  2.6
Fighting       | 4 5 |  5.4
Axes           | 4 5 |  5.0

Action                   |  1- 3 |  4- 6 |  7- 9 || total
-------------------------+-------+-------+-------++-------
Melee: Hand axe          |    83 |   106 |     5 ||   194
       Tailslap          |     9 |    18 |       ||    27
Invok: Berserk           |       |     5 |       ||     5
       Trog's Hand       |       |     1 |       ||     1
 Abil: Breathe Fire      |       |       |     1 ||     1
  Use: Scroll            |       |     1 |       ||     1
 Stab: Sleeping          |       |     1 |       ||     1
  Eat: Chunk             |     1 |     6 |       ||     7
       Ration            |       |     2 |       ||     2
Armor: Skin              |    25 |    27 |       ||    52
Dodge: Dodged            |    66 |    73 |     3 ||   142
